 Dungeon Crawl Stone Soup version 0.24.1-14-gf8d2b509d9 (webtiles) character file.

Game seed: 1194516488344102710, levelgen mode: deterministic

39 Hugehornet the Chopper (level 3, -2/29 HPs)
             Began as a Formicid Fighter on May 16, 2020.
             Killed from afar by Natasha (9 damage)
             ... with a magic dart
             ... on level 2 of the Dungeon.
             The game lasted 00:01:28 (800 turns).

Hugehornet the Chopper (Formicid Fighter)            Turns: 800, Time: 00:01:29

Health: -2/29      AC:  6    Str: 26    XL:     3   Next: 67%
Magic:  3/3        EV:  8    Int:  7    God:
Gold:   9          SH: 10    Dex: 10    Spells: 2/2 levels left

rFire    . . .     SeeInvis +   a - +0 war axe
rCold    . . .     Gourm    .   c - +0 shield
rNeg     . . .     Faith    .   b - +0 scale mail
rPois    .         Spirit   .   (helmet unavailable)
rElec    .         Reflect  .   (no cloak)
rCorr    .         Harm     .   (no gloves)
MR       .....                  (no boots)
Stlth    ..........             (no amulet)
HPRegen  0.09/turn              (no ring)
MPRegen  0.08/turn              (no ring)

@: mighty
A: permanent stasis, dig shafts and tunnels, four strong arms, antennae 3
a: Dig, Shaft Self


You were on level 2 of the Dungeon.
You were not hungry.

You visited 1 branch of the dungeon, and saw 2 of its levels.

You collected 9 gold pieces.

Inventory:

Hand Weapons
 a - a +0 war axe (weapon)
Armour
 b - a +0 scale mail (worn)
 c - a +0 shield (worn)
Jewellery
 g - an uncursed amulet of magic regeneration {unknown}
Scrolls
 h - a scroll of amnesia {unknown}
 j - a scroll of blinking {unknown}
Potions
 e - a potion of curing {unknown}
 i - 2 potions of haste
 k - a potion of degeneration {unknown}
 l - a potion of lignification {unknown}
Comestibles
 f - 2 rations


   Skills:
 - Level 3.2 Fighting
 + Level 3.7 Axes
 - Level 3.2 Armour
 - Level 3.6 Shields


You had 2 spell levels left.
You didn't know any spells.
Your spell library was empty.

Dungeon Overview and Level Annotations

Branches:
Dungeon (2/15)

Altars:

Annotations:
D:2 Natasha, Sigmund


Innate Abilities, Weirdness & Mutations

You cannot be hasted, slowed, berserked, paralysed or teleported.
You can dig through walls and to a lower floor.
Your four strong arms can wield two-handed weapons with a shield.
You have a pair of large antennae on your head. (SInv)


Message History

The puff of flame hits you!
Natasha mewls in sadness.
Natasha mumbles some strange words.
Natasha's front paws start to glow.
You hit Natasha.
Natasha is lightly wounded.
Natasha stares at you and mumbles some strange words.
The magic dart hits you. Natasha casts a spell at you. The magic dart hits you.
You hit Natasha.
Natasha is moderately wounded.
Natasha claws you!
* * * LOW HITPOINT WARNING * * *
Natasha claws you.
* * * LOW HITPOINT WARNING * * *
You feel very mighty all of a sudden. Natasha casts a spell at you.
The magic dart hits you!
You die...

##..#..(####... ###..####.#......
#...#####........ ##..
#.##.##..(....... ...
#.##............. ... ##
#.##.##.......... /. ...
##.##.##...)....## .# ....
#..##.##.....######.#..@..
#.###........@h###....{... #
#.#....#....##..@#...{....
#.##...#.##....####..........
#....###.......#....#...##.##
#..#.##..####....###........
#.#..##.................##.#
#...................#.#.##.# #
#...............<.#.#.#.##.## .
####...........##...........####.


You could see Sigmund and Natasha.

Vanquished Creatures
  An adder (D:2)
  A leopard gecko (D:2)
  A ball python (D:1)
  3 giant cockroaches
  4 goblins
  2 hobgoblins
  4 jackals (D:1)
  A frilled lizard (D:1)
  5 kobolds
  3 rats
25 creatures vanquished.

Vanquished Creatures (others)
  A frilled lizard (D:2)
1 creature vanquished.

Grand Total: 26 creatures vanquished

Notes
Turn   | Place    | Note
-------+----------+-------------------------------------------
     0 | D:1      | Hugehornet the Formicid Fighter began the quest for the
                  | Orb.
     0 | D:1      | Reached XP level 1. HP: 18/18 MP: 1/1
   261 | D:1      | Reached XP level 2. HP: 24/24 MP: 2/2
   628 | D:2      | Reached XP level 3. HP: 25/29 MP: 3/3
   791 | D:2      | Noticed Natasha
   791 | D:2      | Noticed Sigmund
   800 | D:2      | Killed from afar by Natasha

Levels and vault maps discovered:
D:1:      dpeg_arrival_orchard, layout_basic
D:2:      layout_rooms, fiery_altar_vehumet, minmay_misc_feat_rugged,
          uniq_crazy_yiuf_cottage, uniq_sigmund, uniq_natasha

Skill      XL: |  1  2 |
---------------+-------+-----
Axes           | 3 |  3.7
Fighting       | |  3.2
Armour         | |  3.2
Shields        | |  3.6

Action                   || total
-------------------------++-------
Melee: War axe           ||    90
  Use: Potion            ||     1
Armor: Scale mail        ||    40
Dodge: Dodged            ||    28
Block: Shield            ||    53
